 Dungeon Crawl Stone Soup version 0.27-a0-1184-ge86db4a01e (webtiles) character file.

Game seed: 8753662035512341699

17285 freelancePsychic the Severer (level 12, -1/165 HPs)
             Began as a Hill Orc Abyssal Knight on May 18, 2021.
             Was a Believer of Lugonu.
             Slain by a reaper
             ... wielding a +0 scythe of freezing
              (10 damage)
             ... in an ice cave.
             The game lasted 00:34:42 (20095 turns).

freelancePsychic the Severer (HOAK)                Turns: 20095, Time: 00:34:43

Health: -1/165     AC: 26    Str: 26    XL:     12   Next: 46%
Magic:  20/20      EV:  2    Int: 16    God:    Lugonu [**....]
Gold:   647        SH:  0    Dex: 10    Spells: 11/11 levels left

rFire    + + .     SeeInvis .   q - +3 battleaxe (venom)
rCold    . . .     Faith    .   (shield currently unavailable)
rNeg     + + +     Spirit   .   (armour currently unavailable)
rPois    +         Reflect  .   (helmet currently unavailable)
rElec    .         Harm     .   (cloak currently unavailable)
rCorr    .         Rampage  .   (gloves currently unavailable)
Will     .....     NoTele   +   (boots currently unavailable)
Stlth    +.........             (no amulet)
HPRegen  0.37/turn              l - ring "Meturauq" {rF++ rN+ Int+4}
MPRegen  0.17/turn              g - +6 ring of strength

@: mighty, tree-form
A: stationary, stasis, torment immunity, boosted hp
a: Renounce Religion, Depart the Abyss, Bend Space


You were in an ice cave.
You worshipped Lugonu.
Lugonu was pleased with you.
You were a tree.
You visited 2 branches of the dungeon, and saw 11 of its levels.
You visited the Abyss 1 time.
You also visited: Ice Cave.

You collected 647 gold pieces.

Inventory:

Hand Weapons
 b - a +0 whip of venom
 q - a +3 battleaxe of venom (weapon)
Missiles
 v - 3 throwing nets
Armour
 a - a +1 cloak of cold resistance (melded)
 i - a +0 plate armour (melded)
 j - a +0 pair of boots of rampaging
 t - a +1 pair of gloves (melded)
 y - a +0 helmet (melded)
 B - a +2 pair of boots (melded)
Jewellery
 f - a +4 ring of protection
 g - a +6 ring of strength (right branch)
 l - the ring "Meturauq" (left branch) {rF++ rN+ Int+4}
   (You acquired it on level 6 of the Dungeon)

   [ring of positive energy]

   It affects your intelligence (+4).
   It greatly protects you from fire.
   It protects you from negative energy.
 m - a +6 ring of intelligence
 w - a ring of willpower
Wands
 u - a wand of iceblast (14)
 C - a wand of mindburst (10)
Scrolls
 e - 2 scrolls of teleportation {@r4}
 o - 2 scrolls of fear
 r - 4 scrolls of enchant weapon
 D - a scroll of immolation
Potions
 c - a potion of might
 d - a potion of flight
 h - 2 potions of magic
 k - 4 potions of brilliance
 z - 2 potions of attraction


   Skills:
 + Level 11.0 Fighting
 - Level 18.0 Axes
 - Level 5.5 Armour
 + Level 3.4 Dodging
 + Level 11.0 Invocations


You had 11 spell levels left.
You didn't know any spells.
Your spell library contained the following spells:

 Spells                   Type           Power      Damage    Failure   Level
 Animate Skeleton         Necr           0%         N/A       26%         1
 Corona                   Hex            0%         N/A       26%         1
 Pain                     Necr           0%         1d4       26%         1
 Summon Small Mammal      Summ           0%         N/A       26%         1
 Call Imp                 Summ           0%         N/A       36%         2
 Ensorcelled Hibernation  Hex/Ice        0%         N/A       36%         2
 Call Canine Familiar     Summ           0%         N/A       58%         3
 Confusing Touch          Hex            0%         N/A       58%         3
 Dazzling Flash           Conj/Hex       0%         N/A       58%         3
 Summon Guardian Golem    Hex/Summ       0%         N/A       58%         3
 Tukima's Dance           Hex            0%         N/A       58%         3
 Vampiric Draining        Necr           0%         2d6       58%         3
 Animate Dead             Necr           0%         N/A       94%         4
 Cause Fear               Hex            0%         N/A       94%         4
 Summon Ice Beast         Ice/Summ       0%         N/A       94%         4
 Summon Lightning Spire   Summ/Air       0%         N/A       94%         4
 Agony                    Necr           0%         N/A       100%        5
 Silence                  Hex/Air        0%         N/A       100%        5
 Yara's Violent Unravell  Hex/Tmut       0%         3d3       100%        5
 Discord                  Hex            0%         N/A       100%        8


Dungeon Overview and Level Annotations

Branches:
Dungeon (10/15)            Temple (0/1) D:4            Lair (1/6) D:10
  IceCv (1/1)
    Orc: D:9-12

Altars:
Fedhas
Gozag
Okawaru
Vehumet
Wu Jian
Zin
The Shining One

Shops:
D:9 :

Annotations:
D:6 1 runed translucent door, MikuNakano's ghost, novice VSFi
D:7 2 transporters, zarzak's ghost, novice DgFi
D:8 3 runed translucent doors, Belboz's ghost, novice PaBe
Abyss:1 Erica; Gastronok; Joseph IceCv exclusion: ice statue


Message History

You are engulfed in freezing vapours.
You resist.
You are engulfed in freezing vapours.
You resist.
You start resting.
Magic restored.
You start resting.
HP restored.
Okay, then.
A reaper comes into view. It is wielding a +0 scythe of freezing.
Found a blackened peridot ring and a cloak.
You feel very mighty all of a sudden.
The reaper hits you from afar with a +0 scythe of freezing!!
The reaper freezes you.
The reaper hits you with a +0 scythe of freezing!
The reaper freezes you.
You slice the reaper!!
The reaper is moderately wounded.
The reaper hits you with a +0 scythe of freezing!
The reaper freezes you.
You closely miss the reaper.
The reaper is moderately wounded.
You hit the reaper.
The reaper is poisoned.
The reaper is moderately wounded.
The reaper hits you but does no damage.
You slice the reaper!!
The reaper is heavily wounded.
The reaper hits you with a +0 scythe of freezing!!!
* * * LOW HITPOINT WARNING * * *
The reaper freezes you!
* * * LOW HITPOINT WARNING * * *
It was a potion of lignification.
You turn into a tree.
Your +1 cloak of cold resistance melds into your body.
Your +0 helmet melds into your body.
Your +1 pair of gloves melds into your body.
Your +2 pair of boots melds into your body.
Your +0 plate armour melds into your body.
You feel less resistant to cold.
Your roots penetrate the ground.
The reaper hits you with a +0 scythe of freezing!!
* * * LOW HITPOINT WARNING * * *
The reaper freezes you!
You die...

#..#
###...°##...☼§§§°○#
..##
#.....##§§####§§§§.☼#
.##
#....#..§.....#.☼.§○§§#
..##
#....###......##§§§☼☼§§
...##
#......##..§...##§§☼☼§§
#...#
##.........#.☼..§§.§§§§
#...# ##...###..# §###
...## #####....# §
...## #....♣.# ....##
##.##2.○..○# .∩...# ##
.....### .....# ###.###
.∩..## .. ...## =[#
#### ###


You could see a reaper (very poisoned).

Vanquished Creatures
  A catoblepas (D:9)
  An ice statue (IceCv)
  5 orange demons (D:10)
  A cane toad (Lair:1)
  4 ice devils (IceCv)
  A red devil (D:10)
  A troll (D:9)
  A meliai zombie (D:10)
  5 yaks
  A basilisk (Lair:1)
  A wyvern (D:9)
  An acid dragon (D:9)
  2 water moccasins
  An orc warrior (D:10)
  2 black bears
  An ice beast (D:6)
  2 necrophages
  A sky beast (D:7)
  A hornet zombie (D:6)
  4 ogres
  2 centaurs
  8 wolves
  A phantom (D:4)
  4 bullfrogs
  A kobold brigand (D:5)
  A gnoll sergeant (D:10)
  2 scorpions (D:6)
  2 water moccasin zombies
  6 killer bees
  18 wights
  4 howler monkeys (D:5)
  4 electric eels
  A jelly (D:7)
  A bullfrog skeleton (D:5)
  An orc priest (D:8)
  8 hounds
  2 centaur skeletons
  3 iguanas
  4 orc wizards
  A hound skeleton (D:4)
  20 gnolls
  2 howler monkey zombies
  A howler monkey skeleton (D:4)
  6 adders
  A shadow imp (D:6)
  8 white imps
  7 ufetubi
  An adder zombie (D:5)
  3 dart slugs
  45 orcs
  8 bats
  10 endoplasms
  17 giant cockroaches
  8 goblins
  4 hobgoblins
  29 jackals
  5 kobolds
  4 quokkas
  5 ball pythons
  3 frilled lizards
  A quokka skeleton (D:4)
  3 rats
302 creatures vanquished.

Vanquished Creatures (others)
  A wyvern (D:9)
  2 gnolls (D:5)
  A white imp (IceCv)
  4 ufetubi (IceCv)
  2 fungi (Lair:1)
  3 plants
13 creatures vanquished.

Grand Total: 315 creatures vanquished

Notes
Turn   | Place    | Note
-------+----------+-------------------------------------------
     0 | Abyss:1  | freelancePsychic the Hill Orc Abyssal Knight began the
                  | quest for the Orb.
     0 | Abyss:1  | Reached XP level 1. HP: 19/19 MP: 2/2
    16 | D:1      | Escaped the Abyss
   106 | D:1      | Reached skill level 3 in Axes
   116 | D:1      | Reached XP level 2. HP: 23/27 MP: 3/3
   668 | D:1      | Reached ** piety under Lugonu
   669 | D:1      | Reached XP level 3. HP: 32/34 MP: 4/4
   944 | D:2      | Reached skill level 4 in Axes
  1189 | D:2      | Found a faded altar of an unknown god.
  1216 | D:2      | Reached XP level 4. HP: 41/41 MP: 5/5
  1337 | D:2      | Reached skill level 5 in Fighting
  1446 | D:2      | Reached *** piety under Lugonu
  2723 | D:3      | Reached skill level 5 in Axes
  2823 | D:3      | Reached XP level 5. HP: 46/48 MP: 6/6
  3159 | D:4      | Noticed an ogre
  3239 | D:4      | Killed an ogre
  3501 | D:4      | Noticed a phantom
  3663 | D:3      | Reached XP level 6. HP: 23/57 MP: 8/8
  3840 | D:3      | Reached skill level 6 in Axes
  4667 | D:4      | Found a staircase to the Ecumenical Temple.
  5691 | D:4      | Reached skill level 7 in Axes
  5691 | D:4      | Reached XP level 7. HP: 40/64 MP: 5/10
  6151 | D:5      | Entered Level 5 of the Dungeon
  6795 | D:5      | Reached skill level 8 in Axes
  6949 | D:5      | Reached skill level 5 in Invocations
  7424 | D:5      | Reached XP level 8. HP: 61/71 MP: 11/11
  7555 | D:5      | Reached **** piety under Lugonu
  7813 | D:5      | Reached skill level 9 in Axes
  8935 | D:5      | Reached skill level 10 in Axes
  9393 | D:6      | Identified a scroll of acquirement
  9394 | D:6      | Acquired the ring "Meturauq" {rF++ rN+ Int+4}
  9429 | D:6      | Reached XP level 9. HP: 57/80 MP: 14/14
  9974 | D:6      | Reached skill level 11 in Axes
 10192 | D:6      | Found an opulent altar of Gozag.
 10264 | D:6      | Found a runed translucent door.
 10276 | D:6      | Noticed MikuNakano's ghost (novice VSFi)
 11510 | D:7      | Found a blossoming altar of Fedhas.
 11646 | D:7      | Noticed zarzak's ghost (novice DgFi)
 11661 | D:7      | Found a transporter.
 11673 | D:7      | Noticed a boulder beetle
 11681 | D:7      | Banished a boulder beetle
 11682 | D:7      | Reached skill level 12 in Axes
 11682 | D:7      | Reached skill level 5 in Armour
 11682 | D:7      | Reached XP level 10. HP: 60/88 MP: 11/16
 12315 | D:7      | Found a glowing golden altar of the Shining One.
 12321 | D:7      | Found a glowing silver altar of Zin.
 12326 | D:7      | Found an iron altar of Okawaru.
 12429 | D:7      | Found a transporter.
 12641 | D:8      | Found a radiant altar of Vehumet.
 12704 | D:8      | Reached skill level 13 in Axes
 13949 | D:8      | Found a runed translucent gate.
 13949 | D:8      | Found a runed translucent gate.
 13949 | D:8      | Found a runed translucent gate.
 13949 | D:8      | Found an opulent altar of Gozag.
 13951 | D:8      | Noticed a cyclops
 13951 | D:8      | Noticed Belboz's ghost (novice PaBe)
 14485 | D:9      | Noticed Joseph
 14559 | D:9      | Found Vikiczat's Book Emporium.
 14616 | D:9      | Noticed a catoblepas
 14791 | D:9      | Killed a catoblepas
 14792 | D:9      | Reached skill level 14 in Axes
 15003 | D:9      | Banished Joseph
 15421 | D:10     | Entered Level 10 of the Dungeon
 15783 | D:10     | Noticed an orange demon
 15783 | D:10     | Noticed an orange demon
 15784 | D:10     | Noticed an orange demon
 15786 | D:10     | Noticed an orange demon
 16061 | D:10     | Paralysed by a hornet for 3 turns
 16067 | D:9      | Reached XP level 11. HP: 30/99 MP: 9/18
 16376 | D:10     | Reached skill level 15 in Axes
 16905 | D:10     | Identified the +1 robe of Hygots {rCorr Str+3}
 17039 | D:10     | Found a staircase to the Lair.
 17055 | D:10     | Reached skill level 16 in Axes
 17552 | D:10     | Found an ornate altar of the Wu Jian Council.
 18320 | Lair:1   | Entered Level 1 of the Lair of Beasts
 18320 | Lair:1   | Noticed a seven-headed hydra
 18321 | Lair:1   | Banished a seven-headed hydra
 18322 | Lair:1   | Reached skill level 17 in Axes
 18377 | Lair:1   | Noticed Gastronok
 18380 | Lair:1   | Banished Gastronok
 18381 | Lair:1   | Reached skill level 18 in Axes
 18515 | Lair:1   | Reached skill level 10 in Fighting
 18515 | Lair:1   | Reached skill level 1 in Dodging
 18545 | Lair:1   | Noticed a four-headed hydra
 18547 | Lair:1   | Noticed Erica
 18551 | Lair:1   | Reached XP level 12. HP: 92/106 MP: 14/19
 18553 | Lair:1   | Banished a four-headed hydra
 18554 | Lair:1   | Reached skill level 10 in Invocations
 18559 | Lair:1   | Banished Erica
 18565 | Lair:1   | Found a frozen archway.
 18574 | IceCv    | Entered an ice cave
 20086 | IceCv    | Noticed a reaper
 20095 | IceCv    | Slain by a reaper

Illustrated notes

Levels and vault maps discovered:
D:1:      doesnt_arrival_eight_statues, layout_loops_cross, serial_rivers,
          chequers_serial_rivers_micro_e, chequers_serial_rivers_small_b,
          chequers_serial_rivers_micro_b, chequers_serial_rivers_marsh,
          minmay_worlds_worst_comb
D:2:      minmay_roachtagon, layout_basic, hellmonk_ecumenical_altar_lost_god,
          minmay_circle_x
D:3:      layout_basic
D:4:      layout_basic, minmay_temple_entry_mist, eino_curves_02,
          amcnicky_mini_rare_corridor_liquid
D:5:      lemuel_castle_with_subvaults [lemuel_castle_interior_carwin_2],
          layout_basic
D:6:      cheibrodos_helix_gallery, layout_basic,
          nicolae_overflow_crystal_walls, ebering_ghost_reflecting_pool
D:7:      layout_loops_ring, fedhas_altar_3, minmay_overflow_temple_star_quad,
          gammafunk_ghost_stat_death, chequers_serial_rivers_large_b
D:8:      layout_cave_pods, fiery_altar_vehumet, ebering_ghost_gozag
D:9:      layout_roguey, serial_shops, nicolae_shop_behind_doors, fountainhead,
          uniq_joseph
D:10:     layout_rooms, nicolae_wu_jian_immortal_techniques, erik_lair_island,
          minmay_beelzebubs_servants
Lair:1:   layout_cave_pods, portal_ice_cave_entry_pillars_1, uniq_gastronok,
          uniq_grum, uniq_erica
IceCv:    ice_cave_small_demon

Skill      XL: |  1  2  3  4  5  6  7  8  9 10 11 12 |
---------------+-------------------------------------+-----
Axes           | 3 4 5 7 8 10 12 14 18 | 18.0
Fighting       | 4 5 6 7 9 10 11 | 11.0
Invocations    | 3 4 5 7 8 9 11 | 11.0
Armour         | 3 5 |  5.5
Dodging        | 1 3 |  3.4

Action                   |  1- 3 |  4- 6 |  7- 9 | 10-12 || total
-------------------------+-------+-------+-------+-------++-------
Melee: Hand axe          |   101 |   135 |   154 |       ||   390
       Whip              |       |   135 |   328 |       ||   463
       Battleaxe         |       |       |     6 |   377 ||   383
Invok: Bend Space        |       |     1 |       |     2 ||     3
       Banish            |       |     2 |     4 |    23 ||    29
  Use: Scroll            |     1 |     5 |     7 |    11 ||    24
       Potion            |       |       |       |     7 ||     7
Armor: Leather armour    |    41 |    80 |       |       ||   121
       Scale mail        |       |     7 |   169 |       ||   176
       Plate armour      |       |       |    26 |   303 ||   329
Dodge: Dodged            |    80 |   170 |   196 |   154 ||   600

Table legend: (Time is in decaauts)
 A = Elapsed time spent in this place.
 B = Non-inter-level travel time spent in this place.
 C = Inter-level travel time spent in this place.
 D = Time resting spent in this place.
 E = Time spent auto-exploring this place.
 F = Levels seen in this place.
 G = Mean time per level.
                   A        B        C        D        E       F      G
               +--------+--------+--------+--------+--------+-----+--------+
         Total |  20079 |  19372 |    707 |   5956 |  10299 |  13 | 1544.5 |
       Dungeon |  18309 |  17602 |    707 |   4750 |  10194 |  10 | 1830.9 |
          Lair |    249 |    249 |      0 |     12 |      5 |   1 |  249.0 |
         Abyss |     16 |     16 |      0 |      0 |     11 |   1 |   16.0 |
      Ice Cave |   1504 |   1504 |      0 |   1194 |     89 |   1 | 1504.0 |
               +--------+--------+--------+--------+--------+-----+--------+

Top non-repeatable levels by time:
     D:5: 2723 daAuts
     D:9: 2607 daAuts
     D:4: 2343 daAuts
     D:6: 1829 daAuts
     D:8: 1759 daAuts
     D:3: 1700 daAuts
     D:7: 1566 daAuts
     D:2: 1514 daAuts
   IceCv: 1504 daAuts
    D:10: 1328 daAuts
     D:1: 936 daAuts
  Lair:1: 249 daAuts
 Abyss:1: 16 daAuts
